 Dungeon Crawl Stone Soup version 0.32-a0-656-g3542139ebd (webtiles) character file.

Game seed: 5327463641113243242

16 kae the Slasher (level 2, -4/22 HPs)
             Began as a Coglin Gladiator on Mar 8, 2024.
             Slain by a gnoll
             ... wielding a +0 flail
              (6 damage)
             ... on level 1 of the Dungeon.
             The game lasted 00:00:18 (597 turns).

kae the Slasher (Coglin Gladiator)                   Turns: 597, Time: 00:00:18

Health: -4/22      AC:  4    Str: 14    XL:     2   Next: 58%
Magic:  2/2        EV: 12    Int:  7    God:
Gold:   36         SH:  0    Dex: 15    Spells: 1/1 levels left

rFire   . . .        a - +0 long sword {Gustav}
rCold   . . .        f - +0 dagger {Dalbir}
rNeg    . . .        b - +0 leather armour
rPois   .            c - +0 helmet
rElec   .            (no cloak)
rCorr   .            (no gloves)
SInv    .            (no boots)
Will    .....        (amulet unavailable)
Stlth   +            (ring unavailable)
HPRegen 0.23/turn    (ring unavailable)
MPRegen 0.08/turn    (no gizmo)

%: no passive effects
@: revving
A: off-hand wielding, slow wielding, warmup strikes, no jewellery
a: Invent Gizmo


You were on level 1 of the Dungeon.
You visited 1 branch of the dungeon, and saw 2 of its levels.

You collected 36 gold pieces.


Innate Abilities, Weirdness & Mutations

You can wield a second weapon in your off-hand.
It takes a long time for you to wield or remove held weapons.
Your first few attacks do less damage.
You cannot equip rings or amulets.


   Skills:
 - Level 2.0 Fighting
 + Level 3.8 Long Blades
 - Level 1.7 Throwing
 - Level 2.6 Dodging


You had one spell level left.
You didn't know any spells.
Your spell library was empty.

Inventory:

Hand Weapons
 a - a +0 long sword (weapon) {Gustav}
 f - a +0 dagger (offhand) {Dalbir}
Missiles
 d - 3 throwing nets (quivered) {=f!f}
 e - a javelin
 g - 9 stones
 j - 5 poisoned darts
Armour
 b - a +0 leather armour (worn)
 c - a +0 helmet (worn)
Jewellery
 P - a ring of poison resistance
   (You found it on level 1 of the Dungeon)
Scrolls
 i - a scroll of teleportation {unknown}
 k - a scroll of noise {unknown}
 m - a scroll of enchant armour {unknown}
Potions
 h - a potion of enlightenment {unknown}
 l - a potion of curing {unknown}

Dungeon Overview and Level Annotations

Branches:
Dungeon (2/15) Zot: 11399

Altars:

#.# #.# ########
#.# .......# #.#
.......# #.#
.......#########.#
.......'.........#
.......#########)#
.......+.......g@#
.......###..######
.......###.##
.......##..#
..........##
..........#
####.....##
#......#
###......#


You could see a gnoll.


Message History

You slash the goblin with your +0 long sword!
You kill the goblin!
No target in view!
Things that are here:
a +0 dagger; a goblin corpse You open the door.
There is an open door here.
You see here a dart slug corpse.
Key pressed, stopping explore.
No target in view!
No target in view!
There is an open door here.
There is an open door here.
You open the door.
Key pressed, stopping explore.
No target in view!
No target in view!
There is an open door here.
m - a scroll labelled QAURIT LOYRCH No target in view!
No target in view!
There is an open door here.
Things that are here:
a +0 dagger; a goblin corpse Done exploring.
Done exploring.
No target in view!
No target in view!
Done exploring.
No target in view!
No target in view!
Done exploring.
No target in view!
No target in view!
Done exploring.
Things that are here:
a +0 dagger; a goblin corpse
There is a stone staircase leading down here.
You climb downwards.
Found a stone staircase leading down.
There is a stone staircase leading up here.
A gnoll is nearby!
A gnoll is nearby!
A gnoll is nearby!
A gnoll comes into view. It is wielding a +0 club.
The gnoll shouts! x2; You hear a shout!
A gnoll comes into view. It is wielding a +0 flail.
The gnoll completely misses you. The gnoll hits you but does no damage.
There are monsters nearby!
There are monsters nearby!
You hit the gnoll with your +0 dagger.
You slash the gnoll with your +0 long sword!
The gnoll hits you with a +0 spear.
You completely miss the gnoll with your +0 dagger.
You barely miss the gnoll with your +0 long sword.
The gnoll hits you with a +0 club. The gnoll closely misses you.
There are monsters nearby!
You barely miss the gnoll with your +0 long sword.
You barely miss the gnoll with your +0 dagger.
The gnoll hits you with a +0 spear.
You are too injured to fight recklessly!
There are monsters nearby!
You are too injured to fight recklessly!
You are too injured to fight recklessly! 😮 HP[-8]
You take 8 damage, and now have 14/22 hp.
MASSIVE DAMAGE!! (PAUSE)
You are too injured to fight recklessly!
You are too injured to fight recklessly!
The gnoll hits you with a +0 club. The gnoll closely misses you. 😮 HP[-2]
You take 2 damage, and now have 12/22 hp. 😮 HP[+1]
The gnoll attacks as it pursues you!
The gnoll hits you with a +0 club. 😮 HP[-1]
You take 1 damage, and now have 12/22 hp.
The gnoll attacks as it pursues you! The gnoll hits you with a +0 flail.
* * * LOW HITPOINT WARNING * * *
There is a stone staircase leading up here. 😨 HP[-1]
You take 1 damage, and now have 11/22 hp.
The gnoll hits you from afar with a +0 spear.
* * * LOW HITPOINT WARNING * * *
You climb upwards.
There is a stone staircase leading down here. 😨 HP[-5]
You take 5 damage, and now have 6/22 hp.
MASSIVE DAMAGE!! (PAUSE)
You barely miss the gnoll with your +0 long sword.
You barely miss the gnoll with your +0 dagger.
The gnoll hits you with a +0 flail.
* * * LOW HITPOINT WARNING * * *
😱 HP[-4]
You take 4 damage, and now have 2/22 hp.
Unknown command.
You hit the gnoll with your +0 dagger.
You hit the gnoll with your +0 long sword.
The gnoll hits you with a +0 flail.
You die...

Action                     || total
---------------------------++-------
  Melee: Dagger            ||    32
         Long sword        ||    34
   Stab: Sleeping          ||     1
 Armour: Leather armour    ||    29
  Dodge: Dodged            ||    25

Levels and vault maps discovered:
D:1:      minmay_arrival_five_plusses, layout_basic
D:2:      layout_loops_ring, hellmonk_ecumenical_altar_blasted,
          minmay_fractal_squares_5, uniq_crazy_yiuf_cottage

Notes
Turn   | Place    | Note
-------+----------+-------------------------------------------
     0 | D:1      | kae the Coglin Gladiator began the quest for the Orb.
     0 | D:1      | Reached XP level 1. HP: 16/16 MP: 1/1
     0 | D:1      | magus.rc [v1.11.3]
    98 | D:1      | Reached XP level 2. HP: 22/22 MP: 2/2
   594 | D:2      | HP: 5/22 [gnoll/+0 spear (6)]
   596 | D:1      | HP: 2/22 [gnoll/+0 flail (4)]
   597 | D:1      | Slain by a gnoll

Vanquished Creatures
  A dart slug (D:1)
  A ball python (D:1)
  3 bats (D:1)
  An endoplasm (D:1)
  3 giant cockroaches (D:1)
  2 goblins (D:1)
  3 rats (D:1)
14 creatures vanquished.

Table legend:
 A = Non-vault XP
 B = Vault XP
 C = Vault XP percentage of total XP
 D = Non-vault monster count
 E = Vault monster count
 F = Vault count percentage of total count
                 A         B        C        D         E       F
            +---------+---------+-------+---------+---------+-------
      Total |      24 |       0 |   0.0 |      14 |       0 |   0.0
            +---------+---------+-------+---------+---------+-------
        D:1 |      24 |       0 |   0.0 |      14 |       0 |   0.0
            +---------+---------+-------+---------+---------+-------

Action                     || total
---------------------------++-------
  Melee: Dagger            ||    32
         Long sword        ||    34
   Stab: Sleeping          ||     1
 Armour: Leather armour    ||    29
  Dodge: Dodged            ||    25

Illustrated notes

Table legend:
 A = Kills in this place as a percentage of kills in the entire game.
 B = Kills by you in this place as a percentage of kills by you in the entire game.
 C = Kills by friends in this place as a percentage of kills by friends in the entire game.
 D = Other kills in this place as a percentage of other kills in the entire game.
 E = Experience gained in this place as a percentage of experience gained in the entire game.
 F = Experience gained in this place divided by the number of levels of this place that you have seen.
                   A       B       C       D       E      F
               +-------+-------+-------+-------+-------+----------------------
         Total | 100.0 | 100.0 |   N/A |   N/A | 100.0 |  12.0
       Dungeon | 100.0 | 100.0 |   N/A |   N/A | 100.0 |  12.0
               +-------+-------+-------+-------+-------+----------------------

Table legend: (Time is in decaauts)
 A = Elapsed time spent in this place.
 B = Non-inter-level travel time spent in this place.
 C = Inter-level travel time spent in this place.
 D = Time resting spent in this place.
 E = Time spent auto-exploring this place.
 F = Levels seen in this place.
 G = Mean time per level.
                   A        B        C        D        E       F      G
               +--------+--------+--------+--------+--------+-----+--------+
         Total |    599 |    594 |      5 |      0 |    489 |   2 |  299.5 |
       Dungeon |    599 |    594 |      5 |      0 |    489 |   2 |  299.5 |
               +--------+--------+--------+--------+--------+-----+--------+

Top non-repeatable levels by time:
     D:1: 586 daAuts
     D:2: 12 daAuts
